 Dungeon Crawl Stone Soup version 0.31.0-9-g3a7656b989 (webtiles) character file.

Game seed: 8678666209541524350

86766 qw the Spry (level 15, -1/78 HPs)
             Began as a Spriggan Hunter on Feb 2, 2024.
             Was the Champion of Okawaru.
             Killed by divine providence
             ... invoked by a meliai
              (13 damage)
             ... on level 15 of the Dungeon.
             The game lasted 00:02:05 (15977 turns).

qw the Spry (Spriggan Hunter)                      Turns: 15977, Time: 00:02:05

Health: -1/78      AC: 12    Str: 10    XL:     15   Next: 13%
Magic:  23/23      EV: 39    Int: 14    God:    Okawaru [******]
Gold:   732        SH:  0    Dex: 26    Spells: 14/14 levels left

rFire   . . .        g - +11 arbalest of Calculation {heavy, Str+3}
rCold   . . .        (shield currently unavailable)
rNeg    . . .        v - +0 troll leather armour
rPois   .            x - +2 hat of the Wheelwright {rElec}
rElec   +            s - +2 cloak
rCorr   +            (gloves unavailable)
SInv    +            (boots unavailable)
Will    ++...        w - amulet of faith
Stlth   ++           a - ring "Osyoschu" {rCorr Int+3}
HPRegen 1.13/turn    o - +4 ring of protection
MPRegen 0.18/turn

%: faith
@: about to teleport, very quick
A: very small, no large weapons, unfitting armour, see invisible, speed 3,
screaming 1
a: Renounce Religion, Heroism, Finesse, Duel


You were on level 15 of the Dungeon.
You worshipped Okawaru.
Okawaru was exalted by your worship.
You visited 3 branches of the dungeon, and saw 21 of its levels.
You also visited: Sewer.

You collected 1339 gold pieces.
You spent 607 gold pieces at shops.


Innate Abilities, Weirdness & Mutations

You are very small and have problems with some larger weapons.
You are too small for most types of armour.
You have supernaturally acute eyesight. (SInv)
You cover ground extremely quickly. (Speed+++)
You occasionally shout uncontrollably at your foes.


   Skills:
 - Level 8.6 Fighting
 - Level 18.0 Ranged Weapons
 - Level 1.2 Armour
 + Level 19.6 Dodging
 - Level 1.5 Stealth
 - Level 10.0 Invocations


You had 14 spell levels left.
You didn't know any spells.
Your spell library was empty.

Inventory:

Hand Weapons
 g - the +11 arbalest of Calculation (weapon) {heavy, Str+3}
   (You acquired it on level 3 of the Dungeon)

   Str+3:     It affects your strength (+3).
Armour
 s - a +2 cloak (worn)
 v - a +0 troll leather armour (worn)
 x - the +2 hat of the Wheelwright (worn) {rElec}
   (Okawaru gifted it to you on level 5 of the Lair of Beasts)

   rElec:     It insulates you from electricity.
 y - the scarf "Uguthise" {harm, rPois rN+ Dex+3}
   (You acquired it on level 5 of the Lair of Beasts)

   Dex+3:     It affects your dexterity (+3).
   rPois:     It protects you from poison rN+: It protects you from negative
   energy.
Jewellery
 a - the ring "Osyoschu" (left hand) {rCorr Int+3}
   (You acquired it on level 4 of the Dungeon)

   [ring of resist corrosion]

   Int+3:     It affects your intelligence (+3).
   rCorr:     It protects you from acid and corrosion.
 m - a ring of fire
 o - a +4 ring of protection (right hand)
 p - an amulet of reflection
 u - a ring of ice
 w - an amulet of faith (around neck)
 z - a ring of fire
Wands
 h - a wand of paralysis (37)
 k - a wand of iceblast (20)
 n - a wand of quicksilver (4)
 t - a wand of polymorph (12)
Scrolls
 j - 8 scrolls of identify
 q - 11 scrolls of teleportation
 r - 5 scrolls of enchant weapon
Potions
 b - 9 potions of curing
 c - 2 potions of mutation
 d - 5 potions of enlightenment
 e - 6 potions of haste
 f - a potion of might
 i - a potion of cancellation
 l - 5 potions of heal wounds

Dungeon Overview and Level Annotations

Branches:
Dungeon (15/15)            Temple (1/1) D:5            Lair (5/5) D:11
  Swamp (0/4) Lair:3        Snake (0/4) Lair:3        Slime (0/5) Lair:5
    Orc (0/2) D:12         Vaults (0/5) D:14          Sewer (visited)
 Depths: D:15

Altars:
Ashenzari
Cheibriados
Dithmenos
Elyvilon
Fedhas
Gozag
Hepliaklqana
Kikubaaqudgha
Makhleb
Nemelex Xobeh
Okawaru
Qazlal
Ru
Sif Muna
Trog
Uskayaw
Vehumet
Wu Jian
Xom
Yredelemnul
Zin
The Shining One
Jiyva

Shops:
D:4 *   D:6 ?   D:7 =   D:9 ?   D:10 *

Annotations:
D:5 3 runed translucent doors, qw's ghost, novice GrHu
D:13 1 transporter
Lair:4 1 runed translucent door, qw's ghost, journeyman DjHu


Message History

The meliai buzzes angrily.
You hear an angry buzzing noise.
You shoot a bolt. The bolt barely misses the meliai.
You hear an angry buzzing noise.
The meliai calls down the wrath of its god upon you.
Something smites you!
A meliai comes into view. It is wielding a +0 hand axe.
The meliai mumbles some strange prayers to its god against you.
Something smites you!
You shoot a bolt.
The bolt hits the meliai but does no damage.
The meliai mumbles some strange prayers to its god against you.
Something smites you! The meliai hits you with a +0 war axe!
The meliai misses you. The meliai completely misses you. x2
You shoot a bolt. The bolt barely misses the meliai.
The bolt hits the meliai.
The meliai is moderately wounded.
The meliai completely misses you. The meliai closely misses you.
The meliai completely misses you. x2
A meliai comes into view.
It is wielding a +0 war axe of electrocution.
The meliai completely misses you. x2
You shoot a bolt. The bolt hits the meliai!!
You kill the meliai!
Okawaru accepts your kill.
The meliai calls upon its god to heal the meliai.
The meliai's wounds heal themselves!
The meliai completely misses you. The meliai misses you.
The meliai hits you but does no damage. The meliai completely misses you.
The meliai mumbles some strange prayers to its god against you.
Something smites you!
You shoot a bolt. The bolt hits the meliai!
The meliai is heavily wounded.
The meliai hits you with a +0 hand axe! The meliai completely misses you.
The meliai misses you. The meliai completely misses you.
The meliai hits you but does no damage. The meliai completely misses you.
15977 ||| READING 12 scrolls of teleportation.
As you read the scroll of teleportation, it crumbles to dust.
You feel strangely unstable.
The meliai mumbles some strange prayers to its god against you.
Something smites you!
You die...

.. ... .## #.. .. ...
##. ####.##.##.....
#........ .....
##.##....##...###
................
#.#......#...
#@#..#..##.# ###
#y#........#
.O...#y......#..#######
#..)$..#...........#
#..........#.#####.#
#.........^......#.#
.............#.#...#.#
#.......#....#.#.###.#
#.#.....#........<%..#


You could see 2 meliai.

Vanquished Creatures
  Kirke (D:13)
  An entropy weaver (shapeshifter) (D:14)
  An ice dragon (Lair:4)
  An ogre mage (D:15)
  5 hydras
  3 centaur warriors
  5 boulder beetles
  A catoblepas (Lair:5)
  7 two-headed ogres
  3 death yaks (Lair:2)
  A soul eater (D:13)
  A sixfirhy (D:13)
  An arcanist (D:14)
  A deep elf pyromancer (D:13)
  16 ugly things
  Maurice (D:8)
  4 cyclopes
  A meliai (D:15)
  5 elephants (Lair:3)
  A manticore (D:13)
  4 black mambas
  2 torpor snails
  A rust devil (D:13)
  A cane toad (shapeshifter) (D:14)
  A gargoyle (D:10)
  An unseen horror (D:11)
  18 cane toads
  2 orange demons (D:13)
  3 rime drakes (Lair:4)
  10 komodo dragons
  An efreet (D:13)
  A kobold demonologist (D:12)
  An ice devil (Lair:4)
  A queen bee (shapeshifter) (D:13)
  6 trolls
  3 tyrant leeches (Lair:5)
  Prince Ribbit (D:7)
  2 polar bears (Lair:4)
  4 dream sheep
  34 blink frogs
  12 slime creatures
  A dire elephant simulacrum (Lair:4)
  A shadow (D:11)
  2 wyverns
  A vampire (D:12)
  57 yaks
  A yak (shapeshifter) (D:14)
  A ynoxinul (D:13)
  6 hogs (D:13)
  2 steam dragons
  3 neqoxecs (D:13)
  4 basilisks
  9 vampire mosquitoes
  4 acid dragons
  2 nagas (Lair:3)
  20 water moccasins
  Duvessa (D:7)
  3 orc warriors
  A black bear (D:5)
  3 ice beasts
  An ogre (D:15)
  An ogre (shapeshifter) (D:13)
  24 wolves
  6 centaurs
  A kobold brigand (D:8)
  17 bullfrogs
  A gnoll sergeant (D:9)
  3 scorpions
  A cane toad simulacrum (Lair:4)
  A wight (D:8)
  Dowan (D:7)
  7 killer bees
  3 electric eels
  9 howler monkeys
  3 bombardier beetles
  A crimson imp (D:6)
  4 jellies
  A lava snake (D:8)
  5 orc priests
  7 hounds
  2 gnoll boudas
  A sleepcap (D:4)
  5 iguanas
  11 orc wizards
  A hell rat (Sewer)
  A troll simulacrum (Lair:4)
  A polar bear simulacrum (Lair:4)
  Robin (D:3)
  21 gnolls
  3 river rats (Sewer)
  12 adders
  A naga simulacrum (Lair:4)
  2 shadow imps
  4 white imps
  2 ufetubi (D:6)
  5 ribbon worms
  2 dart slugs
  33 orcs
  8 bats
  8 endoplasms
  2 giant cockroaches
  16 goblins
  6 hobgoblins
  2 jackals (D:3)
  15 kobolds
  4 quokkas
  8 ball pythons
  3 frilled lizards
  13 rats
581 creatures vanquished.

Vanquished Creatures (others)
  An orc wizard (D:6)
1 creature vanquished.

Grand Total: 582 creatures vanquished

Notes
Turn   | Place    | Note
-------+----------+-------------------------------------------
     0 | D:1      | qw the Spriggan Hunter began the quest for the Orb.
     0 | D:1      | Reached XP level 1. HP: 10/10 MP: 2/2
     0 | D:1      | 0 ||| qw: Version: 0.3-a-155-g5e7d8dd
     0 | D:1      | 0 ||| qw: Game counter: 9
     0 | D:1      | 0 ||| qw: Melee chars always use a shield: true
     0 | D:1      | 0 ||| qw: God list: Okawaru
     0 | D:1      | 0 ||| qw: Allow faded altars: false
     0 | D:1      | 0 ||| qw: Do Orc after clearing Dungeon:15 true
     0 | D:1      | 0 ||| qw: Do second Lair branch before Depths: true
     0 | D:1      | 0 ||| qw: Lair rune preference: random
     0 | D:1      | 0 ||| qw: Goals: Normal
     0 | D:1      | 0 ||| PLANNING D:1-11
   107 | D:1      | Reached skill level 3 in Dodging
   205 | D:1      | HP: 1/10 [quokka (4)]
   207 | D:1      | Reached XP level 2. HP: 2/14 MP: 3/3
   271 | D:1      | Reached skill level 4 in Dodging
   585 | D:1      | 585 ||| DRINKING 4 fuming pink potions.
   586 | D:1      | 586 ||| DROPPING scroll of butterflies.
   707 | D:2      | Reached XP level 3. HP: 13/18 MP: 4/4
  1011 | D:2      | Reached XP level 4. HP: 22/22 MP: 5/5
  1028 | D:2      | HP: 1/22 [gnoll/+0 halberd (12)]
  1030 | D:2      | Reached skill level 5 in Dodging
  1056 | D:2      | 1056 ||| FLEEEEING.
  1058 | D:2      | 1058 ||| FLEEEEING.
  1059 | D:2      | 1059 ||| FLEEEEING.
  1060 | D:2      | 1060 ||| FLEEEEING.
  1062 | D:2      | 1062 ||| FLEEEEING.
  1063 | D:2      | 1063 ||| FLEEEEING.
  1065 | D:2      | 1065 ||| FLEEEEING.
  1066 | D:2      | 1066 ||| FLEEEEING.
  1067 | D:2      | 1067 ||| FLEEEEING.
  1069 | D:2      | 1069 ||| FLEEEEING.
  1070 | D:2      | 1070 ||| FLEEEEING.
  1072 | D:2      | 1072 ||| FLEEEEING.
  1073 | D:2      | 1073 ||| FLEEEEING.
  1080 | D:2      | 1080 ||| FLEEEEING.
  1081 | D:2      | 1081 ||| FLEEEEING.
  1082 | D:2      | 1082 ||| FLEEEEING.
  1083 | D:2      | 1083 ||| FLEEEEING.
  1084 | D:2      | 1084 ||| FLEEEEING.
  1085 | D:2      | 1085 ||| FLEEEEING.
  1086 | D:2      | 1086 ||| FLEEEEING.
  1087 | D:2      | 1087 ||| FLEEEEING.
  1088 | D:2      | 1088 ||| FLEEEEING.
  1089 | D:2      | 1089 ||| FLEEEEING.
  1090 | D:2      | 1090 ||| STAIRDANCE
  1126 | D:1      | 1126 ||| READING 3 scrolls labelled CUANAK POGIEQ.
  1126 | D:1      | 1126 ||| IDENTIFYING green potion
  1127 | D:1      | 1127 ||| READING 2 scrolls of identify.
  1127 | D:1      | 1127 ||| IDENTIFYING 2 cyan potions
  1128 | D:1      | 1128 ||| READING scroll of identify.
  1128 | D:1      | 1128 ||| IDENTIFYING 3 amethyst potions
  1129 | D:1      | 1129 ||| DROPPING potion of brilliance.
  1331 | D:3      | 1331 ||| PLANNING SEWER
  1489 | D:3      | HP: 3/23 [gnoll/+0 flail (7)]
  1490 | D:3      | HP: 1/23 [gnoll/+0 club (2)]
  1495 | D:3      | Reached XP level 5. HP: 3/26 MP: 6/6
  1631 | D:3      | Found a glowing drain.
  1653 | Sewer    | Entered a sewer
  1773 | Sewer    | 1773 ||| READING scroll of identify.
  1773 | Sewer    | 1773 ||| IDENTIFYING fizzy black potion
  1774 | Sewer    | 1774 ||| READING scroll labelled KULYEGGI IHADUMAWK.
  1775 | Sewer    | 1775 ||| READING scroll labelled XEALYOJEAXT.
  1776 | Sewer    | 1776 ||| DROPPING potion of attraction.
  1784 | D:3      | 1784 ||| PLANNING D:1-11
  1866 | D:3      | HP: 2/26 [orc wizard/magic dart (9)]
  1868 | D:3      | Reached skill level 6 in Ranged Weapons
  1974 | D:3      | Found an ancient bone altar of Kikubaaqudgha.
  2099 | D:3      | Reached XP level 6. HP: 30/30 MP: 7/7
  2103 | D:3      | Noticed Robin
  2113 | D:3      | Killed Robin
  2119 | D:3      | 2119 ||| FLEEEEING.
  2121 | D:3      | 2121 ||| FLEEEEING.
  2122 | D:3      | 2122 ||| FLEEEEING.
  2124 | D:3      | 2124 ||| FLEEEEING.
  2125 | D:3      | 2125 ||| FLEEEEING.
  2403 | D:3      | Reached skill level 6 in Dodging
  2719 | D:3      | 2719 ||| UPGRADING to +1 animal skin.
  2729 | D:3      | 2729 ||| DROPPING +0 robe.
  2730 | D:3      | 2730 ||| READING 3 scrolls labelled JEB UKKAGYES.
  2730 | D:3      | Identified 3 scrolls of acquirement
  2730 | D:3      | 2730 ||| ACQUIRING amulet "Keas" {RegenMP ^Fragile Will++
                  | Regen+ Int+3}
  2730 | D:3      | Acquired the amulet "Keas" {RegenMP ^Fragile Will++ Regen+
                  | Int+3}
  2731 | D:3      | 2731 ||| READING 2 scrolls of acquirement.
  2731 | D:3      | 2731 ||| ACQUIRING +11 arbalest of Calculation {heavy,
                  | Str+3}
  2731 | D:3      | Acquired the +11 arbalest of Calculation {heavy, Str+3}
  2732 | D:3      | 2732 ||| READING scroll of acquirement.
  2732 | D:3      | 2732 ||| ACQUIRING +2 arbalest of draining
  2732 | D:3      | Acquired a +2 arbalest of draining
  2734 | D:3      | 2734 ||| SWAPPING to +11 arbalest of Calculation {heavy,
                  | Str+3}.
  2735 | D:3      | 2735 ||| DROPPING +0 shortbow.
  2736 | D:3      | 2736 ||| DROPPING +2 arbalest of draining.
  2737 | D:3      | 2737 ||| UPGRADING to amulet "Keas" {RegenMP ^Fragile
                  | Will++ Regen+ Int+3}.
  2742 | D:3      | 2742 ||| READING scroll labelled EGESIA WOOF.
  2778 | D:4      | 2778 ||| READING scroll of acquirement.
  2778 | D:4      | 2778 ||| ACQUIRING ring "Osyoschu" {rCorr Int+3}
  2778 | D:4      | Acquired the ring "Osyoschu" {rCorr Int+3}
  2780 | D:4      | 2780 ||| UPGRADING to ring "Osyoschu" {rCorr Int+3}.
  3017 | D:4      | Found Umostriez's Assorted Antiques.
  3024 | D:4      | 3024 ||| BUYING marble ring (120 gold).
  3024 | D:4      | Bought a marble ring for 120 gold pieces
  3024 | D:4      | 3024 ||| BUYING potion of curing (72 gold).
  3024 | D:4      | Bought a potion of curing for 72 gold pieces
  3024 | D:4      | 3024 ||| BUYING scroll labelled LEUTZIMIQU (24 gold).
  3024 | D:4      | Bought a scroll labelled LEUTZIMIQU for 24 gold pieces
  3024 | D:4      | 3024 ||| SHOPLISTING scroll of identify (48 gold, have 29).
  3024 | D:4      | 3024 ||| SHOPLISTING scroll of teleportation (72 gold, have
                  | 29).
  3036 | D:4      | Reached XP level 7. HP: 35/35 MP: 8/8
  3806 | D:4      | 3806 ||| UPGRADING to +4 ring of protection.
  3807 | D:4      | 3807 ||| READING 2 scrolls of identify.
  3807 | D:4      | 3807 ||| IDENTIFYING fuming silvery potion
  3808 | D:4      | 3808 ||| READING scroll of identify.
  3808 | D:4      | 3808 ||| IDENTIFYING fuming ruby potion
  3809 | D:4      | 3809 ||| READING scroll labelled LEUTZIMIQU.
  3810 | D:4      | 3810 ||| DROPPING potion of lignification.
  3826 | D:5      | Entered Level 5 of the Dungeon
  3887 | D:5      | Noticed a vampire mosquito
  3887 | D:5      | Noticed qw's ghost (novice GrHu)
  4034 | D:5      | Found a runed translucent gate.
  4056 | D:5      | Reached skill level 7 in Dodging
  4297 | D:5      | 4297 ||| FLEEEEING.
  4314 | D:5      | Reached skill level 3 in Fighting
  4314 | D:5      | Noticed a yak
  4314 | D:5      | Noticed a yak
  4314 | D:5      | Noticed a yak
  4315 | D:5      | 4315 ||| RETREEEEATING.
  4316 | D:5      | 4316 ||| RETREEEEATING.
  4317 | D:5      | 4317 ||| RETREEEEATING.
  4318 | D:5      | 4318 ||| RETREEEEATING.
  4319 | D:5      | 4319 ||| RETREEEEATING.
  4320 | D:5      | 4320 ||| DRINKING 3 potions of haste.
  4325 | D:5      | Killed a yak
  4326 | D:5      | Reached skill level 8 in Dodging
  4326 | D:5      | Reached XP level 8. HP: 40/40 MP: 9/9
  4331 | D:5      | Reached skill level 9 in Ranged Weapons
  4411 | D:5      | Found a staircase to the Ecumenical Temple.
  4412 | D:5      | 4412 ||| PLANNING TEMPLE
  4412 | D:5      | 4412 ||| DRINKING 2 blue potions.
  4417 | Temple   | Entered the Ecumenical Temple
  4418 | Temple   | 4418 ||| PLANNING D:1-11
  4675 | D:5      | Found a runed translucent gate.
  4676 | D:5      | Found a runed translucent gate.
  5044 | D:5      | 5044 ||| READING scroll labelled ESUIGUMIDE.
  5044 | D:5      | 5044 ||| ENCHANTING +1 animal skin.
  5045 | D:5      | 5045 ||| READING scroll labelled QUS HICULU.
  5195 | D:6      | 5195 ||| STAIRDANCE
  5200 | D:6      | 5200 ||| STAIRDANCE
  5207 | D:6      | 5207 ||| RETREEEEATING.
  5231 | D:6      | Reached skill level 9 in Dodging
  5474 | D:6      | 5474 ||| RETREEEEATING.
  5481 | D:6      | Reached XP level 9. HP: 27/44 MP: 10/10
  5529 | D:6      | Found Betalymn's Magic Scroll Shop.
  5533 | D:6      | 5533 ||| BUYING scroll of enchant weapon (90 gold).
  5533 | D:6      | Bought a scroll of enchant weapon for 90 gold pieces
  5533 | D:6      | 5533 ||| BUYING scroll of identify (24 gold).
  5533 | D:6      | Bought a scroll of identify for 24 gold pieces
  5635 | D:6      | Found a shimmering blue altar of Sif Muna.
  5637 | D:6      | 5637 ||| DROPPING amulet of magic regeneration.
  5638 | D:6      | 5638 ||| READING scroll of identify.
  5638 | D:6      | 5638 ||| IDENTIFYING murky silvery potion
  5639 | D:6      | 5639 ||| READING 2 scrolls labelled PAYSOSEDED.
  5640 | D:6      | 5640 ||| DROPPING scroll of amnesia.
  5647 | D:6      | Reached skill level 10 in Dodging
  5943 | D:6      | Found the +5 woodcutter's axe
  6134 | D:7      | 6134 ||| RETREEEEATING.
  6135 | D:7      | 6135 ||| RETREEEEATING.
  6139 | D:7      | 6139 ||| RETREEEEATING.
  6205 | D:7      | Found Hupagael's Jewellery Emporium.
  6213 | D:7      | 6213 ||| SHOPLISTING amulet of reflection (450 gold, have
                  | 37).
  6213 | D:7      | 6213 ||| SHOPLISTING ring "Bul Sapp" {*Slow rCorr Dex+4
                  | SInv} (456 gold, have 37).
  6213 | D:7      | 6213 ||| SHOPLISTING ring of ice (375 gold, have 37).
  6255 | D:7      | Reached skill level 11 in Dodging
  6307 | D:7      | Noticed Duvessa
  6307 | D:7      | Noticed Dowan
  6313 | D:7      | Killed Dowan
  6314 | D:7      | 6314 ||| DRINKING 2 potions of haste.
  6316 | D:7      | Killed Duvessa
  6391 | D:7      | Found a stormy altar of Qazlal.
  6392 | D:7      | Found a shimmering altar of Xom.
  6394 | D:7      | Noticed Prince Ribbit
  6395 | D:7      | Killed Prince Ribbit
  6519 | D:7      | Found an opulent altar of Gozag.
  6519 | D:7      | Found a sparkling altar of Nemelex Xobeh.
  6604 | D:7      | 6604 ||| READING scroll labelled WINESH FUDOVIG.
  6765 | D:8      | Identified the +4 kite shield of Sorcery {Int+2}
  6899 | D:8      | Reached XP level 10. HP: 49/49 MP: 11/11
  6910 | D:8      | Reached skill level 12 in Dodging
  7201 | D:8      | Noticed Maurice
  7202 | D:8      | 7202 ||| DRINKING potion of haste.
  7210 | D:8      | Killed Maurice
  7412 | D:8      | 7412 ||| UPGRADING to +0 cloak.
  7417 | D:8      | 7417 ||| READING 2 scrolls of identify.
  7417 | D:8      | 7417 ||| IDENTIFYING ruby potion
  7418 | D:8      | 7418 ||| READING scroll of identify.
  7418 | D:8      | 7418 ||| IDENTIFYING red potion
  7419 | D:8      | 7419 ||| DROPPING potion of berserk rage.
  7420 | D:8      | 7420 ||| DROPPING potion of degeneration.
  7582 | D:9      | Reached skill level 12 in Ranged Weapons
  7584 | D:9      | Found Tentij's Magic Scroll Boutique.
  7601 | D:9      | 7601 ||| BUYING scroll of identify (22 gold).
  7601 | D:9      | Bought a scroll of identify for 22 gold pieces
  7601 | D:9      | 7601 ||| BUYING scroll of identify (22 gold).
  7601 | D:9      | Bought a scroll of identify for 22 gold pieces
  7601 | D:9      | 7601 ||| BUYING scroll of teleportation (33 gold).
  7601 | D:9      | Bought a scroll of teleportation for 33 gold pieces
  7668 | D:9      | 7668 ||| FLEEEEING.
  7669 | D:9      | 7669 ||| FLEEEEING.
  7670 | D:9      | 7670 ||| FLEEEEING.
  7671 | D:9      | 7671 ||| FLEEEEING.
  8044 | D:9      | Noticed a cyclops
  8045 | D:9      | 8045 ||| ZAPPING wand of quicksilver (5) at -7,2 (cyclops;
                  | floor).
  8046 | D:9      | 8046 ||| ZAPPING wand of quicksilver (4) at -7,2 (cyclops;
                  | floor).
  8047 | D:9      | 8047 ||| ZAPPING wand of quicksilver (3) at -6,1 (cyclops;
                  | floor).
  8047 | D:9      | Killed a cyclops
  8048 | D:9      | Reached skill level 13 in Dodging
  8284 | D:9      | You fall into a shaft and drop 3 floors!
  8363 | D:12     | Noticed a cyclops
  8364 | D:12     | Noticed a boulder beetle
  8365 | D:12     | Killed a cyclops
  8366 | D:12     | 8366 ||| ZAPPING wand of paralysis (20) at -1,2 (boulder
                  | beetle; floor).
  8367 | D:12     | 8367 ||| ZAPPING wand of paralysis (19) at 0,1 (boulder
                  | beetle; floor).
  8368 | D:12     | 8368 ||| ZAPPING wand of paralysis (18) at 0,1 (boulder
                  | beetle; floor).
  8373 | D:12     | Killed a boulder beetle
  8396 | D:12     | Reached XP level 11. HP: 55/55 MP: 12/12
  8420 | D:12     | Noticed a brown ugly thing
  8421 | D:12     | 8421 ||| ZAPPING wand of paralysis (17) at -2,5 (brown ugly
                  | thing; floor).
  8423 | D:12     | Killed a brown ugly thing
  8474 | D:12     | Reached skill level 14 in Dodging
  8485 | D:12     | 8485 ||| UPGRADING to +1 cloak.
  8495 | D:12     | 8495 ||| DROPPING +0 cloak.
  8496 | D:12     | 8496 ||| UPGRADING to +0 troll leather armour.
  8506 | D:12     | 8506 ||| DROPPING +2 animal skin.
  8507 | D:12     | 8507 ||| DROPPING ring of magical power.
  8508 | D:12     | 8508 ||| READING 3 scrolls of identify.
  8508 | D:12     | 8508 ||| IDENTIFYING scroll labelled KISIOB URUWKOHAMA
  8509 | D:12     | 8509 ||| DROPPING scroll of torment.
  8519 | D:12     | Reached skill level 1 in Armour
  8563 | D:10     | Entered Level 10 of the Dungeon
  8580 | D:10     | Found a sacrificial altar of Ru.
  8728 | D:9      | Found an iron altar of Okawaru.
  8729 | D:9      | 8729 ||| PLANNING OKAWARU WORSHIP
  8736 | D:9      | Became a worshipper of Warmaster Okawaru
  8737 | D:9      | 8737 ||| PLANNING D:1-11
  8885 | D:10     | Found Cohirchai's General Store.
  8892 | D:10     | 8892 ||| BUYING potion of enlightenment (80 gold).
  8892 | D:10     | Bought a potion of enlightenment for 80 gold pieces
  8892 | D:10     | 8892 ||| BUYING scroll of enchant armour (120 gold).
  8892 | D:10     | Bought a scroll of enchant armour for 120 gold pieces
  8892 | D:10     | 8892 ||| SHOPLISTING scroll of teleportation (48 gold, have
                  | 17).
  8892 | D:10     | 8892 ||| SHOPLISTING wand of polymorph (4) (89 gold, have
                  | 17).
  8892 | D:10     | 8892 ||| READING scroll of enchant armour.
  8892 | D:10     | 8892 ||| ENCHANTING +1 cloak.
  9160 | D:10     | 9160 ||| RETREEEEATING.
  9163 | D:10     | 9163 ||| RETREEEEATING.
  9228 | D:10     | 9228 ||| READING 4 scrolls of identify.
  9228 | D:10     | 9228 ||| IDENTIFYING scroll labelled ZOASTU DEPROD
  9229 | D:10     | 9229 ||| DROPPING scroll of noise.
  9288 | D:11     | Noticed a two-headed ogre
  9290 | D:11     | Killed a two-headed ogre
  9290 | D:11     | Reached * piety under Okawaru
  9291 | D:11     | Reached skill level 6 in Fighting
  9292 | D:11     | 9292 ||| STAIRDANCE
  9366 | D:11     | Reached skill level 1 in Invocations
  9450 | D:11     | Noticed a boulder beetle
  9451 | D:11     | 9451 ||| RETREEEEATING.
  9454 | D:11     | 9454 ||| RETREEEEATING.
  9455 | D:11     | 9455 ||| ZAPPING wand of quicksilver (2) at -2,-3 (boulder
                  | beetle; floor).
  9456 | D:11     | 9456 ||| ZAPPING wand of quicksilver (1) at -2,-3 (boulder
                  | beetle; floor).
  9457 | D:11     | 9457 ||| INVOKING Heroism.
  9461 | D:11     | Killed a boulder beetle
  9461 | D:11     | Reached ** piety under Okawaru
  9468 | D:11     | Reached skill level 3 in Invocations
  9508 | D:11     | Found a staircase to the Lair.
  9567 | D:11     | 9567 ||| PLANNING LAIR
  9583 | Lair:1   | Entered Level 1 of the Lair of Beasts
  9692 | Lair:1   | Reached XP level 12. HP: 61/61 MP: 14/16
  9836 | Lair:1   | Reached *** piety under Okawaru
  9925 | Lair:1   | Reached skill level 15 in Ranged Weapons
  9981 | Lair:1   | Reached skill level 15 in Dodging
 10038 | Lair:1   | 10038 ||| RETREEEEATING.
 10040 | Lair:1   | 10040 ||| RETREEEEATING.
 10042 | Lair:1   | 10042 ||| RETREEEEATING.
 10044 | Lair:1   | 10044 ||| RETREEEEATING.
 10047 | Lair:1   | 10047 ||| RETREEEEATING.
 10048 | Lair:1   | 10048 ||| INVOKING Heroism.
 10269 | Lair:1   | 10269 ||| READING 4 scrolls of identify.
 10269 | Lair:1   | 10269 ||| IDENTIFYING scroll labelled LUFOQY UMESUE
 10270 | Lair:1   | 10270 ||| DROPPING scroll of fog.
 10293 | Lair:2   | 10293 ||| INVOKING Heroism.
 10296 | Lair:2   | 10296 ||| STAIRDANCE
 10312 | Lair:2   | 10312 ||| STAIRDANCE
 10341 | Lair:2   | Reached **** piety under Okawaru
 10389 | Lair:2   | 10389 ||| RETREEEEATING.
 10464 | Lair:2   | Reached ***** piety under Okawaru
 10517 | Lair:2   | Noticed a death yak
 10518 | Lair:2   | 10518 ||| INVOKING Finesse.
 10518 | Lair:2   | Noticed a death yak
 10520 | Lair:2   | Noticed a death yak
 10521 | Lair:2   | 10521 ||| RETREEEEATING.
 10522 | Lair:2   | 10522 ||| RETREEEEATING.
 10526 | Lair:2   | 10526 ||| RETREEEEATING.
 10527 | Lair:2   | 10527 ||| RETREEEEATING.
 10530 | Lair:2   | Killed a death yak
 10532 | Lair:2   | Killed a death yak
 10533 | Lair:2   | Reached skill level 6 in Invocations
 10537 | Lair:2   | Killed a death yak
 10822 | Lair:2   | 10822 ||| READING 3 scrolls of identify.
 10822 | Lair:2   | 10822 ||| IDENTIFYING dark potion
 10835 | Lair:3   | 10835 ||| STAIRDANCE
 10837 | Lair:2   | Received a gift from Okawaru
 10844 | Lair:3   | 10844 ||| STAIRDANCE
 10864 | Lair:3   | Reached XP level 13. HP: 65/65 MP: 19/19
 10957 | Lair:3   | Found a dark tunnel.
 11012 | Lair:3   | Reached skill level 16 in Dodging
 11105 | Lair:3   | 11105 ||| RETREEEEATING.
 11108 | Lair:3   | 11108 ||| RETREEEEATING.
 11131 | Lair:3   | Found a staircase to the Swamp.
 11179 | Lair:3   | Found a staircase to the Snake Pit.
 11460 | Lair:3   | Received a gift from Okawaru
 11690 | Lair:3   | 11690 ||| READING 3 scrolls of identify.
 11690 | Lair:3   | 11690 ||| IDENTIFYING scroll labelled QAMAN HELY
 11691 | Lair:3   | 11691 ||| DROPPING scroll of vulnerability.
 11786 | Lair:4   | 11786 ||| RETREEEEATING.
 11787 | Lair:4   | 11787 ||| RETREEEEATING.
 11788 | Lair:4   | 11788 ||| RETREEEEATING.
 11790 | Lair:4   | 11790 ||| RETREEEEATING.
 11864 | Lair:4   | 11864 ||| RETREEEEATING.
 11865 | Lair:4   | 11865 ||| RETREEEEATING.
 11866 | Lair:4   | 11866 ||| RETREEEEATING.
 11867 | Lair:4   | 11867 ||| RETREEEEATING.
 11875 | Lair:4   | 11875 ||| RETREEEEATING.
 11876 | Lair:4   | 11876 ||| RETREEEEATING.
 11877 | Lair:4   | 11877 ||| RETREEEEATING.
 11878 | Lair:4   | 11878 ||| RETREEEEATING.
 11879 | Lair:4   | 11879 ||| RETREEEEATING.
 11992 | Lair:4   | 11992 ||| INVOKING Finesse.
 12120 | Lair:4   | Found a runed translucent door.
 12124 | Lair:4   | Noticed qw's ghost (journeyman DjHu)
 12548 | Lair:4   | Reached skill level 9 in Invocations
 12749 | Lair:5   | Entered Level 5 of the Lair of Beasts
 12819 | Lair:5   | 12819 ||| RETREEEEATING.
 12820 | Lair:5   | 12820 ||| RETREEEEATING.
 12821 | Lair:5   | 12821 ||| RETREEEEATING.
 12857 | Lair:5   | 12857 ||| INVOKING Finesse.
 12919 | Lair:5   | 12919 ||| RETREEEEATING.
 12920 | Lair:5   | 12920 ||| RETREEEEATING.
 12921 | Lair:5   | 12921 ||| RETREEEEATING.
 12922 | Lair:5   | 12922 ||| RETREEEEATING.
 12924 | Lair:5   | 12924 ||| RETREEEEATING.
 12925 | Lair:5   | 12925 ||| RETREEEEATING.
 12927 | Lair:5   | 12927 ||| RETREEEEATING.
 12928 | Lair:5   | 12928 ||| RETREEEEATING.
 12934 | Lair:5   | 12934 ||| RETREEEEATING.
 12946 | Lair:5   | Received a gift from Okawaru
 13119 | Lair:5   | Found a viscous altar of Jiyva.
 13120 | Lair:5   | Found a staircase to the Slime Pits.
 13132 | Lair:5   | 13132 ||| RETREEEEATING.
 13136 | Lair:5   | 13136 ||| RETREEEEATING.
 13138 | Lair:5   | 13138 ||| RETREEEEATING.
 13140 | Lair:5   | Reached XP level 14. HP: 72/72 MP: 22/22
 13168 | Lair:5   | Reached ****** piety under Okawaru
 13171 | Lair:5   | Reached skill level 17 in Dodging
 13171 | Lair:5   | 13171 ||| INVOKING Receive Weapon.
 13171 | Lair:5   | 13171 ||| ACQUIRING +1 arbalest of flaming
 13171 | Lair:5   | Acquired a +1 arbalest of flaming
 13171 | Lair:5   | Received a gift from Okawaru
 13172 | Lair:5   | 13172 ||| INVOKING Receive Armour.
 13172 | Lair:5   | 13172 ||| ACQUIRING +2 hat of the Wheelwright {rElec}
 13172 | Lair:5   | Acquired the +2 hat of the Wheelwright {rElec}
 13172 | Lair:5   | Received a gift from Okawaru
 13183 | Lair:5   | 13183 ||| RETREEEEATING.
 13184 | Lair:5   | 13184 ||| RETREEEEATING.
 13186 | Lair:5   | 13186 ||| RETREEEEATING.
 13187 | Lair:5   | 13187 ||| RETREEEEATING.
 13188 | Lair:5   | 13188 ||| RETREEEEATING.
 13214 | Lair:5   | 13214 ||| RETREEEEATING.
 13215 | Lair:5   | 13215 ||| RETREEEEATING.
 13216 | Lair:5   | 13216 ||| RETREEEEATING.
 13217 | Lair:5   | 13217 ||| RETREEEEATING.
 13218 | Lair:5   | 13218 ||| RETREEEEATING.
 13353 | Lair:5   | 13353 ||| RETREEEEATING.
 13356 | Lair:5   | 13356 ||| RETREEEEATING.
 13357 | Lair:5   | 13357 ||| RETREEEEATING.
 13358 | Lair:5   | 13358 ||| RETREEEEATING.
 13359 | Lair:5   | 13359 ||| RETREEEEATING.
 13364 | Lair:5   | 13364 ||| RETREEEEATING.
 13365 | Lair:5   | 13365 ||| RETREEEEATING.
 13366 | Lair:5   | 13366 ||| RETREEEEATING.
 13367 | Lair:5   | 13367 ||| RETREEEEATING.
 13369 | Lair:5   | 13369 ||| RETREEEEATING.
 13370 | Lair:5   | 13370 ||| RETREEEEATING.
 13372 | Lair:5   | 13372 ||| RETREEEEATING.
 13467 | Lair:5   | 13467 ||| READING scroll of acquirement.
 13467 | Lair:5   | 13467 ||| ACQUIRING scarf "Uguthise" {harm, rPois rN+
                  | Dex+3}
 13467 | Lair:5   | Acquired the scarf "Uguthise" {harm, rPois rN+ Dex+3}
 13469 | Lair:5   | 13469 ||| UPGRADING to +2 hat of the Wheelwright {rElec}.
 13523 | Lair:5   | Got an earthy gem with 786 turns to spare
 13532 | Lair:5   | 13532 ||| Stepping ~*~*~tactically~*~*~ (cloud).
 13538 | Lair:5   | Received a gift from Okawaru
 13666 | Lair:5   | 13666 ||| PLANNING D
 13666 | Lair:5   | 13666 ||| UPGRADING to amulet of faith.
 13676 | Lair:5   | 13676 ||| DROPPING +6 ring of intelligence.
 13928 | D:12     | Found a staircase to the Orcish Mines.
 14092 | D:12     | Found a glowing golden altar of the Shining One.
 14426 | D:13     | 14426 ||| RETREEEEATING.
 14433 | D:13     | Reached skill level 18 in Ranged Weapons
 14470 | D:13     | Found a transporter.
 14475 | D:13     | Noticed Kirke
 14475 | D:13     | 14475 ||| RETREEEEATING.
 14482 | D:13     | 14482 ||| RETREEEEATING.
 14487 | D:13     | 14487 ||| INVOKING Finesse.
 14491 | D:13     | Killed Kirke
 14592 | D:13     | Received a gift from Okawaru
 14648 | D:13     | 14648 ||| Stepping ~*~*~tactically~*~*~ (cloud).
 14877 | D:13     | Gained mutation: You occasionally shout uncontrollably at
                  | your foes. [a neqoxec]
 15160 | D:14     | 15160 ||| RETREEEEATING.
 15167 | D:14     | 15167 ||| RETREEEEATING.
 15199 | D:14     | 15199 ||| RETREEEEATING.
 15207 | D:14     | 15207 ||| INVOKING Finesse.
 15208 | D:14     | Received a gift from Okawaru
 15209 | D:14     | Reached skill level 18 in Dodging
 15269 | D:14     | 15269 ||| INVOKING Finesse.
 15337 | D:14     | Found a gate to the Vaults.
 15415 | D:14     | 15415 ||| INVOKING Finesse.
 15510 | D:14     | Reached skill level 19 in Dodging
 15856 | D:15     | Entered Level 15 of the Dungeon
 15858 | D:15     | 15858 ||| RETREEEEATING.
 15859 | D:15     | 15859 ||| RETREEEEATING.
 15863 | D:15     | 15863 ||| INVOKING Finesse.
 15881 | D:15     | Reached XP level 15. HP: 77/78 MP: 19/23
 15930 | D:15     | 15930 ||| RETREEEEATING.
 15934 | D:15     | 15934 ||| RETREEEEATING.
 15937 | D:15     | 15937 ||| RETREEEEATING.
 15938 | D:15     | Received a gift from Okawaru
 15976 | D:15     | HP: 11/78 [meliai/+0 hand axe (13)]
 15977 | D:15     | 15977 ||| READING 12 scrolls of teleportation.
 15977 | D:15     | Killed from afar by a meliai

Levels and vault maps discovered:
D:1:      lemuel_arrival_muddy, layout_basic, serial_glass, glass_columns_a,
          glass_columns_a
D:2:      wander_river, layout_rooms, grunt_decor_junction
D:3:      minmay_recursive_quarters, layout_loops_corners,
          mainiacjoe_overflow_concentric_impassable,
          cheibrodos_sewer_entry_bend, uniq_robin
D:4:      layout_layer_cave, serial_shops, kennysheep_little_box
D:5:      layout_layer_cave, minmay_temple_entry_statues_pillars,
          gammafunk_ghost_split, grunt_decor_arrowhead
D:6:      layout_gridville, kennysheep_orc_sif_temple, serial_shops, shop,
          kennysheep_decorative_pillar, minmay_fire_ice_demons
D:7:      layout_rooms, grunt_temple_overflow_opulence,
          mainiacjoe_overflow_catwalk_spiral, hangedman_decor_diamond_cutter,
          nicolae_stop_n_shop_2, kennysheep_small_square, uniq_prince_ribbit1,
          uniq_duvessa
D:8:      layout_basic, amcnicky_mini_pool_medium, uniq_maurice
D:9:      layout_basic, okawaru_altar_gauntlet_db, serial_shops, shop
D:10:     layout_basic, nicolae_ru_sacrificial_ziggurat, serial_shops, shop
D:11:     layout_rooms, erik_lair_island, amethyst_killhole,
          minmay_misc_feat_square, evilmike_butchery
D:12:     layout_basic, orc_0_dummy, minmay_hedge_maze, tso_oasis_becter
D:13:     layout_gridville, serial_demonic, serial_demonic_a, serial_demonic_b,
          serial_demonic_g, serial_demonic_e, kennysheep_pointless_box,
          eino_small_chamber_without_monster, nicolae_diode_basic, uniq_kirke
D:14:     layout_roguey, hellmonk_vaults_attempted_burglary,
          hangedman_decor_slide_cut
D:15:     grunt_enter_depths_magical_seal, layout_basic
Temple:   nicolae_temple_ecumenical_triangle
Lair:1:   layout_regular_city
Lair:2:   layout_hall_layers, beast_lair_carwin_2
Lair:3:   layout_regular_city, swamp_mist, minmay_snake_entry_guardpost_small,
          nicolae_volcano_entry_two_sided, beast_lair_carwin_6
Lair:4:   dreamdust_isle_of_ice, layout_cave_pods, ebering_ghost_inner_flame,
          nicolae_lair_grove_arrangements, st_stairs_10, grunt_megastairs_3
Lair:5:   minmay_lair_end_frog_pond, layout_regular_city, slime_entry_1

Skill      XL: |  1  2  3  4  5  6  7  8  9 10 11 12 13 14 |
---------------+-------------------------------------------+-----
Dodging        | 3 4 5 6 8 9 11 13 14 15 16 19 | 19.6
Ranged Weapons | 5 6 7 8 10 11 13 14 16 17 18 | 18.0
Fighting       | 2 3 4 5 6 7 8 |  8.6
Armour         | 1 |  1.2
Invocations    | 4 6 10 | 10.0
Stealth        | |  1.5

Action                     |  1- 3 |  4- 6 |  7- 9 | 10-12 | 13-15 || total
---------------------------+-------+-------+-------+-------+-------++-------
   Fire: Shortbow          |   126 |   221 |       |       |       ||   347
         Arbalest          |       |    22 |   154 |   316 |   547 ||  1039
 Invoke: Heroism           |       |       |       |     3 |       ||     3
         Finesse           |       |       |       |     1 |     7 ||     8
         Receive Weapon    |       |       |       |       |     1 ||     1
         Receive Armour    |       |       |       |       |     1 ||     1
  Evoke: Wand              |       |       |       |     9 |       ||     9
    Use: Potion            |     1 |       |     3 |     1 |       ||     5
         Scroll            |       |    11 |     8 |     7 |     3 ||    29
 Armour: Robe              |    23 |    52 |       |       |       ||    75
         Animal skin       |       |       |    35 |    10 |       ||    45
         Troll leather arm |       |       |       |    24 |    83 ||   107
  Dodge: Dodged            |    55 |   171 |   147 |   229 |   408 ||  1010

Table legend:
 A = Non-vault XP
 B = Vault XP
 C = Vault XP percentage of total XP
 D = Non-vault monster count
 E = Vault monster count
 F = Vault count percentage of total count
                 A         B        C        D         E       F
            +---------+---------+-------+---------+---------+-------
      Total |   83686 |   25981 |  23.7 |     428 |     154 |  26.5
            +---------+---------+-------+---------+---------+-------
        D:1 |      29 |       0 |   0.0 |      19 |       0 |   0.0
        D:2 |     129 |       0 |   0.0 |      24 |       0 |   0.0
        D:3 |     152 |     104 |  40.6 |      27 |      22 |  44.9
        D:4 |     260 |       0 |   0.0 |      21 |       0 |   0.0
        D:5 |    1299 |       0 |   0.0 |      26 |       0 |   0.0
        D:6 |     924 |     340 |  26.9 |      27 |       7 |  20.6
        D:7 |     953 |     719 |  43.0 |      18 |       5 |  21.7
        D:8 |     721 |     845 |  54.0 |      15 |       6 |  28.6
        D:9 |    3702 |      38 |   1.0 |      24 |       6 |  20.0
       D:10 |    1580 |       0 |   0.0 |       8 |       0 |   0.0
       D:11 |    3244 |     994 |  23.5 |      12 |       9 |  42.9
       D:12 |    5018 |       0 |   0.0 |      17 |       0 |   0.0
       D:13 |    6582 |    6196 |  48.5 |      11 |      16 |  59.3
       D:14 |   12141 |     199 |   1.6 |      26 |       1 |   3.7
       D:15 |   10363 |       0 |   0.0 |      17 |       0 |   0.0
     Lair:1 |    7182 |     281 |   3.8 |      29 |       2 |   6.5
     Lair:2 |    8510 |     550 |   6.1 |      28 |       4 |  12.5
     Lair:3 |    4854 |    1142 |  19.0 |      17 |       6 |  26.1
     Lair:4 |    2693 |    6295 |  70.0 |      10 |      29 |  74.4
     Lair:5 |   13350 |    8199 |  38.0 |      52 |      32 |  38.1
      Sewer |       0 |      79 | 100.0 |       0 |       9 | 100.0
            +---------+---------+-------+---------+---------+-------
